 Dungeon Crawl Stone Soup version 0.29.1-15-g9cfb28693d (webtiles) character file.

Game seed: 7334295264781967354

343 growler the Ruffian (level 6, 0/47 HPs)
             Began as a Draconian Transmuter on Mar 1, 2023.
             Killed from afar by Edmund (11 damage)
             ... with a puff of flame
             ... on level 4 of the Dungeon on Mar 2, 2023.
             The game lasted 00:07:52 (4162 turns).

growler the Ruffian (Draconian Transmuter)          Turns: 4162, Time: 00:07:52

Health: 0/47       AC:  7    Str: 12    XL:     6   Next: 31%
Magic:  11/12      EV: 12    Int: 16    God:
Gold:   199        SH:  0    Dex: 11    Spells: 3/13 levels left

rFire   . . .      SeeInvis .     - Unarmed
rCold   . . .      Faith    .   (no shield)
rNeg    . . .      Spirit   .   (body armour unavailable)
rPois   .          Reflect  .   (helmet restricted)
rElec   .          Harm     .   (no cloak)
rCorr   .          Rampage  .   j - +0 pair of gloves
Will    .....                   (no boots)
Stlth   +.........              (no amulet)
HPRegen 0.15/turn               (no ring)
MPRegen 0.13/turn               (no ring)

@: no status effects
A: AC +6, unfitting armour, cold-blooded
a: no special abilities


You were on level 4 of the Dungeon.
You visited 2 branches of the dungeon, and saw 5 of its levels.

You collected 199 gold pieces.

Inventory:

Missiles
 d - 7 poisoned darts
 g - 10 javelins
 u - a throwing net
Armour
 j - a +0 pair of gloves (worn)
Jewellery
 t - a ring of flight
Wands
 s - a wand of digging (6)
Scrolls
 b - a scroll of immolation {unknown}
 c - a scroll of vulnerability
 e - 2 scrolls of butterflies
 f - 2 scrolls of teleportation {unknown}
 h - a scroll of noise
 i - 3 scrolls of identify
 l - 2 scrolls of enchant armour {unknown}
 m - a scroll of amnesia {unknown}
 n - 4 scrolls of blinking {unknown}
 q - a scroll of poison {unknown}
Potions
 a - a potion of lignification
 k - a potion of mutation
 o - 2 potions of curing
 p - a potion of magic
 r - 3 potions of brilliance {unknown}


   Skills:
 - Level 1.1 Fighting
 - Level 1.7 Dodging
 + Level 4.8 Unarmed Combat
 - Level 4.0 Spellcasting
 - Level 4.0 Transmutations


You had 3 spell levels left.
You knew the following spells:

 Your Spells              Type           Power      Damage    Failure   Level
a - Beastly Appendage     Tmut           32%        N/A       3%          1
b - Wereblood             Tmut           16%        N/A       4%          2
c - Spider Form           Tmut/Pois      9%         N/A       22%         3
d - Ice Form              Ice/Tmut       9%         N/A       58%         4

Your spell library contained the following spells:

 Spells                   Type           Power      Damage    Failure   Level


Dungeon Overview and Level Annotations

Branches:
Dungeon (4/15)             Temple (1/1) D:4

Altars:
Fedhas
Hepliaklqana
Kikubaaqudgha
Nemelex Xobeh
Qazlal
Ru
Trog
Uskayaw
Xom
The Shining One

Shops:
D:1 =

Annotations:
D:4 Edmund


Innate Abilities, Weirdness & Mutations

Your plain brown scales are hard. (AC +6)
You cannot fit into any form of body armour.
You are cold-blooded and may be slowed by cold attacks.


Message History

You barely miss Edmund.
Edmund is lightly wounded.
Edmund closely misses you.
You bite Edmund!
Edmund looks as sick as possible!
Edmund is moderately wounded.
Edmund hits you with a +5 flail of protection!
You hit Edmund.
Edmund looks as sick as possible!
Edmund is moderately wounded.
You hit Edmund.
Edmund is heavily wounded.
Edmund zaps a wand.
The puff of flame misses you.
You hit Edmund but do no damage.
Edmund is heavily wounded.
Edmund zaps a wand.
The puff of flame misses you.
You barely miss Edmund.
Edmund is heavily wounded.
Your transformation has ended.
Your +0 pair of gloves unmelds from your body.
Edmund hits you with a +5 flail of protection!
You hit Edmund but do no damage. You tail-slap Edmund.
Edmund is severely wounded.
Edmund closely misses you.
You hit Edmund but do no damage.
Edmund is severely wounded.
Edmund barely misses you.
You hit Edmund but do no damage.
Edmund is severely wounded.
Edmund says, "You wouldn't believe how much I paid for this flail."
Edmund hits you with a +5 flail of protection.
You barely miss Edmund.
Edmund is severely wounded.
Edmund hits you with a +5 flail of protection.
You hit Edmund. You tail-slap Edmund. Your punch misses Edmund.
Edmund is almost dead.
Edmund hits you with a +5 flail of protection!
* * * LOW HITPOINT WARNING * * *
Unknown command.
Okay, then.
You feel better.
Edmund zaps a wand.
The puff of flame hits you!
You die...

.........##..#............###
........##..##.###....###...#
.####..........#...##..##.###
.......?..#.#......#........#
.....#..###................##
#....#..#........)....#.....#####
.....#..$...........#.#.......#.#
.###................#...........#
...#......##....@................
...##.....###..@##.....#.........
...........$...# #...###.#....#.#
.....<......... #..## #####..###
......#.###.## ......# #.##
.........## <........# ###
..........# .........##
.................#..##
.................#..#


You could see Edmund (very poisoned).

Vanquished Creatures
  A hound (D:3)
  A jelly (D:4)
  Jessica (D:2)
  Terence (D:2)
  Natasha (thrice) (D:4)
  4 gnolls (D:3)
  3 adders
  An ufetubus (D:4)
  A worm (D:4)
  A dart slug (D:4)
  5 orcs (D:4)
  2 bats (D:2)
  6 endoplasms (D:1)
  13 giant cockroaches
  6 goblins
  5 hobgoblins
  5 jackals (D:1)
  4 quokkas
  7 ball pythons
  3 frilled lizards
  3 kobolds
  8 rats
84 creatures vanquished.

Notes
Turn   | Place    | Note
-------+----------+-------------------------------------------
     0 | D:1      | growler the Draconian Transmuter began the quest for the
                  | Orb.
     0 | D:1      | Reached XP level 1. HP: 16/16 MP: 3/3
     1 | D:1      | Found a runed translucent door.
   443 | D:1      | Found Inaen's Jewellery Shoppe.
   627 | D:1      | Reached XP level 2. HP: 23/23 MP: 5/5
   630 | D:1      | Learned a level 2 spell: Wereblood
   822 | D:1      | Found a faded altar of an unknown god.
  1339 | D:1      | Reached XP level 3. HP: 28/28 MP: 3/6
  1411 | D:1      | Learned a level 3 spell: Spider Form
  1585 | D:2      | Noticed Terence
  1594 | D:2      | Killed Terence
  1595 | D:2      | Reached XP level 4. HP: 35/35 MP: 4/8
  1991 | D:2      | Noticed Jessica
  1998 | D:2      | Killed Jessica
  2672 | D:3      | Reached XP level 5. HP: 38/40 MP: 3/9
  3021 | D:3      | Found a sacrificial altar of Ru.
  3559 | D:4      | Found a staircase to the Ecumenical Temple.
  3563 | Temple   | Entered the Ecumenical Temple
  3677 | D:4      | Noticed Edmund
  3698 | D:4      | Found a blossoming altar of Fedhas.
  3737 | D:4      | Reached XP level 6. HP: 47/47 MP: 11/11
  3745 | D:4      | Learned a level 4 spell: Ice Form
  3772 | D:4      | Noticed Natasha
  3786 | D:4      | Killed Natasha
  3892 | D:4      | Noticed Natasha
  3899 | D:4      | Killed Natasha
  3910 | D:4      | Noticed Natasha
  3918 | D:4      | Killed Natasha
  4162 | D:4      | Killed from afar by Edmund

Illustrated notes

Levels and vault maps discovered:
D:1:      dpeg_arrival_caged_fury, layout_loops_corners, serial_shops,
          nicolae_shop_behind_doors, chequers_ecumenical_altar_simple_redux,
          minivault_26, hangedman_decor_growths, minmay_fountain_box
D:2:      layout_basic, small_statue_intersection, minmay_3d_cube, uniq_terence,
          uniq_jessica
D:3:      layout_basic, nicolae_ru_the_path_less_chosen
D:4:      layout_cave_pools, old_standard_altar, minmay_temple_entry_grid,
          uniq_edmund, uniq_natasha
Temple:   hellmonk_temple_of_storms

Skill      XL: |  1  2  3  4  5  6 |
---------------+-------------------+-----
Transmutations | 3 4 |  4.0
Spellcasting   | 3 4 |  4.0
Unarmed Combat | 4 |  4.8
Fighting       | |  1.1
Dodging        | |  1.7

Action                   |  1- 3 |  4- 6 || total
-------------------------+-------+-------++-------
Melee: Unarmed           |   124 |   138 ||   262
       Tailslap          |    14 |    18 ||    32
       Punch             |     3 |     6 ||     9
       Headbutt          |     1 |     9 ||    10
       Kick              |     1 |    23 ||    24
 Cast: Beastly Appendage |     1 |    10 ||    11
       Wereblood         |     1 |     2 ||     3
       Spider Form       |     1 |     1 ||     2
  Use: Scroll            |       |     6 ||     6
       Potion            |       |     1 ||     1
 Stab: Sleeping          |     1 |       ||     1
Armor: Skin              |    36 |    25 ||    61
Dodge: Dodged            |    72 |    77 ||   149
